Map: Site Delta LE

Players

A.I. 1 (Elite)

  • Race: Zerg Zerg
  • Spawn Location: 5:00

Zerus

  • Race: Terran Terran
  • League: Master
  • Spawn Location: 11:00

VOD

Have the link to the VOD?

Description

Time

  • Played on: June 28, 2024, 11:50 p.m.
  • Length: 29:27
Show
View Real Time Build Order
Export as new Build Order

A.I. 1 (Elite) Zerg 

Build Orders: Pool First 

Get SALT Encoding   

  13  0:15  Drone  
  13  0:27  Overlord  
  13  0:31  Drone  
  14  0:45  Drone x2  
  16  0:57  Spawning Pool  
  16  0:59  Drone  
  16  1:03  Drone  
  17  1:27  Hatchery  
  17  1:28  Drone  
  17  1:30  Extractor  
  16  1:33  Drone  
  16  1:37  Drone  
  18  1:42  Drone  
  19  1:53  Overlord  
  19  2:04  Drone  
  19  2:05  Queen  
  22  2:14  Zergling x2  
  23  2:25  Drone  
  24  2:36  Drone  
  25  2:41  Queen  
  25  2:42  Roach Warren  
  25  2:43  Extractor  
  25  2:47  Drone  
  25  2:53  Drone  
  25  2:57  Zergling x2  
  26  3:01  Drone  
  26  3:04  Drone  
  27  3:11  Overlord  
  27  3:15  Drone  
  27  3:19  Drone  
  29  3:21  Drone  
  29  3:25  Drone  
  31  3:29  Drone  
  31  3:32  Zergling x2  
  33  3:35  Zergling x2  
  33  3:40  Roach  
  36  3:44  Roach  
  36  3:48  Roach  
  40  3:50  Roach  
  40  3:53  Drone  
  43  3:55  Drone  
  43  4:01  Overlord  
  44  4:09  Lair  
  44  4:12  Metabolic Boost  
  44  4:19  Drone x2  
  44  4:22  Drone  
  44  4:24  Drone  
  48  4:27  Drone  
  48  4:28  Drone  
  50  4:31  Drone  
  50  4:35  Overlord  
  50  4:38  Drone  
  52  4:44  Evolution Chamber, Drone  
  52  4:47  Evolution Chamber  
  52  4:48  Drone  
  52  4:53  Drone x2  
  52  4:57  Drone  
  52  4:59  Drone  
  56  5:01  Drone  
  56  5:04  Overlord  
  57  5:09  Infestation Pit  
  57  5:11  Hydralisk Den  
  57  5:14  Drone  
  56  5:15  Drone  
  56  5:17  Drone  
  58  5:22  Overlord  
  58  5:23  Drone x2  
  58  5:25  Drone  
  58  5:26  Drone  
  63  5:28  Drone  
  63  5:40  Hydralisk x2, Overlord  
  63  5:41  Roach  
  71  5:50  Infestor, Hydralisk  
  71  5:55  Extractor, Roach  
  76  5:58  Overlord  
  76  5:59  Roach  
  76  6:00  Extractor  
  76  6:01  Drone  
  80  6:07  Hydralisk  
  80  6:17  Drone  
  81  6:23  Roach, Drone x2, Overlord  
  81  6:25  Drone  
  82  6:33  Drone  
  82  6:36  Zergling x2  
  82  6:43  Zerg Missile Weapons Level 1  
  82  6:44  Zergling x2  
  82  6:47  Drone  
  84  6:53  Zerg Ground Armor Level 1  
  84  6:54  Infestor, Drone  
  83  7:00  Ravager  
  87  7:02  Overlord  
  87  7:03  Roach  
  88  7:12  Drone  
  89  7:16  Ravager  
  89  7:19  Roach  
  89  7:21  Hatchery  
  89  7:22  Drone  
  92  7:24  Overseer  
  92  7:25  Hydralisk  
  94  7:30  Hydralisk  
  94  7:35  Overlord  
  96  7:38  Hydralisk  
  96  7:41  Drone  
  96  7:43  Drone  
  95  7:48  Hydralisk  
  97  7:55  Ravager  
  97  7:56  Roach  
  100  7:59  Infestor  
  100  8:03  Zergling x2, Overlord  
  100  8:05  Zergling x2  
  103  8:13  Infestor  
  103  8:16  Roach  
  107  8:22  Spine Crawler  
  107  8:26  Spine Crawler  
  105  8:30  Baneling Nest  
  105  8:31  Zergling x6, Drone  
  105  8:32  Evolution Chamber  
  108  8:34  Drone x3  
  108  8:35  Drone x3  
  108  8:36  Drone  
  108  8:38  Zerg Melee Weapons Level 1, Drone  
  115  8:42  Overlord  
  74  8:57  Roach  
  74  8:58  Zergling x2  
  74  9:02  Zergling x2  
  52  9:05  Roach  
  52  9:09  Roach  
  51  9:10  Hydralisk  
  51  9:11  Roach  
  51  9:12  Drone  
  51  9:13  Drone  
  56  9:23  Zergling x2, Hydralisk  
  56  9:24  Drone x2  
  58  9:25  Overseer  
  48  9:43  Queen, Hydralisk  
  48  9:44  Zergling x2, Roach  
  17  10:21  Drone  
  8  10:22  Drone  
  3  10:44  Drone  
Show
View Real Time Build Order
Export as new Build Order

Zerus Terran 

Build Orders: Reaper Expand 

Get SALT Encoding   

  13  0:15  SCV  
  13  0:27  SCV  
  14  0:32  Supply Depot  
  14  0:39  SCV  
  15  0:54  SCV  
  15  0:55  Barracks  
  16  0:59  Refinery  
  16  1:06  SCV  
  17  1:18  SCV  
  18  1:30  SCV  
  19  1:43  Orbital Command, Reaper  
  20  1:54  Command Center  
  20  2:05  Supply Depot  
  20  2:08  SCV  
  21  2:15  Marine  
  21  2:22  Factory  
  22  2:31  SCV  
  23  2:38  Barracks Reactor  
  23  2:43  SCV  
  24  2:53  Command Center  
  24  2:57  SCV  
  25  3:07  Orbital Command  
  25  3:09  SCV  
  26  3:14  Starport  
  26  3:20  Refinery  
  26  3:22  SCV  
  29  3:27  Hellion  
  29  3:32  Hellion  
  31  3:34  SCV  
  31  3:38  SCV  
  33  3:46  SCV  
  36  3:48  Hellion  
  36  3:50  SCV  
  36  3:53  Hellion  
  39  3:56  Viking  
  39  4:00  SCV  
  42  4:03  SCV  
  42  4:07  Orbital Command  
  45  4:10  Hellion  
  45  4:15  Hellion, SCV  
  45  4:16  Barracks Tech Lab  
  48  4:21  SCV  
  49  4:26  Liberator  
  49  4:27  SCV  
  49  4:28  Orbital Command  
  53  4:33  Hellion, SCV  
  53  4:35  Supply Depot  
  53  4:36  Stimpack  
  56  4:40  SCV  
  56  4:45  Hellion, SCV  
  59  4:46  Supply Depot  
  61  4:52  SCV  
  61  4:57  Marine, SCV  
  61  4:58  SCV  
  64  5:04  SCV  
  65  5:09  SCV  
  65  5:10  Barracks  
  65  5:11  Starport Reactor  
  65  5:12  SCV  
  65  5:13  Barracks  
  67  5:17  SCV  
  67  5:18  Engineering Bay  
  67  5:19  Refinery  
  67  5:20  Engineering Bay  
  67  5:21  Factory Reactor, SCV, Supply Depot  
  68  5:25  Marine  
  68  5:27  SCV  
  71  5:34  SCV  
  72  5:37  SCV  
  72  5:38  Refinery, Barracks  
  72  5:39  SCV, Barracks  
  74  5:45  Marine  
  74  5:46  SCV  
  74  5:47  Terran Infantry Weapons Level 1, Terran Infantry Armor Level 1  
  74  5:49  SCV  
  77  5:51  SCV  
  78  5:58  Barracks Reactor, SCV  
  78  6:01  SCV  
  78  6:02  Marine x2  
  78  6:03  Marine  
  78  6:04  SCV  
  84  6:08  Factory Tech Lab  
  84  6:11  SCV  
  85  6:15  Combat Shield  
  85  6:20  Supply Depot x2  
  85  6:21  Supply Depot  
  85  6:29  Supply Depot  
  85  6:30  Marine x4, Supply Depot  
  85  6:31  Marine, SCV  
  85  6:34  Barracks Reactor x2  
  85  6:35  Medivac  
  85  6:41  SCV x2, Medivac  
  85  6:44  SCV  
  88  6:47  Marine x2, Barracks x2  
  88  6:48  Marine x2, Siege Tank  
  88  6:50  Barracks  
  88  6:53  SCV  
  92  6:55  Armory, SCV  
  92  6:56  SCV  
  92  6:57  Marine  
  95  7:05  Marine x2, Medivac  
  100  7:11  Marine, Supply Depot  
  100  7:12  Marine  
  100  7:13  Supply Depot  
  100  7:14  Marine x3  
  104  7:15  Marine x2  
  104  7:20  Siege Tank  
  109  7:23  Marine x2  
  109  7:28  Medivac  
  109  7:29  Marine  
  114  7:30  Marine  
  114  7:32  Marine x3  
  114  7:33  Marine x2  
  114  7:37  Marine x2  
  120  7:38  SCV  
  120  7:41  Marine x2  
  120  7:42  Marine  
  120  7:43  Command Center  
  126  7:46  Marine  
  126  7:47  Terran Infantry Weapons Level 2, Marine  
  126  7:49  Terran Infantry Armor Level 2  
  126  7:51  Marine x3  
  126  7:54  Marine x3  
  126  7:55  Marine  
  132  7:59  Marine x2  
  132  8:00  Siege Tank  
  132  8:02  Marine  
  138  8:08  Marine x2  
  138  8:11  Marine  
  141  8:16  Supply Depot  
  141  8:17  Supply Depot  
  141  8:20  Supply Depot  
  141  8:24  Supply Depot  
  141  8:25  Supply Depot  
  141  8:32  Marine  
  141  8:34  Marine, SCV  
  141  8:35  Marine  
  141  8:38  Marine x4, Medivac x2  
  141  8:39  Marine x5, SCV  
  146  8:50  Marine  
  146  8:52  Marine, Siege Tank  
  146  8:53  Marine, SCV x2  
  146  8:55  Marine x4, Refinery  
  138  8:56  Marine x2  
  138  8:57  Refinery  
  138  8:59  Command Center  
  141  9:08  Medivac x2  
  141  9:09  Marine x4  
  149  9:10  Marine  
  149  9:11  Marine, SCV x3  
  149  9:13  Marine x3  
  157  9:18  Marine  
  158  9:24  Siege Tank  
  158  9:26  Marine x3  
  158  9:27  Marine  
  158  9:28  SCV  
  158  9:29  SCV x2  
  168  9:33  Planetary Fortress  
  168  9:36  Supply Depot  
  168  9:38  Medivac x2  
  172  9:40  SCV  
  172  9:43  Marine x8  
  182  9:45  SCV x2  
  177  9:53  SCV  
  177  9:56  Siege Tank  
  177  9:57  SCV  
  178  10:02  Marine x11  
  178  10:05  Concussive Shells  
  189  10:10  Medivac x2  
  189  10:11  Marine  
  194  10:18  Command Center, SCV  
  194  10:20  Marine x3, Refinery  
  194  10:21  Refinery  
  195  10:23  Marine x5  
  195  10:26  Barracks Tech Lab x3  
  198  10:29  Terran Infantry Armor Level 3, Terran Infantry Weapons Level 3  
  198  10:34  Marine, Siege Tank  
  199  10:36  Terran Ship Weapons Level 1  
  199  10:37  Marine  
  199  10:39  Fusion Core  
  199  10:42  Starport  
  200  10:48  Planetary Fortress  
  200  10:54  Command Center  
  200  10:55  Command Center  
  200  11:06  Starport  
  200  11:07  Ghost Academy  
  200  11:32  Starport Reactor  
  200  11:36  Advanced Ballistics  
  200  11:45  Orbital Command  
  200  11:58  Command Center  
  200  12:00  Command Center  
  200  12:10  Starport Reactor  
  200  12:14  Orbital Command  
  200  12:15  Orbital Command  
  200  12:35  Terran Ship Weapons Level 2  
  200  12:37  Personal Cloaking  
  200  13:35  Weapon Refit  
  200  13:48  Sensor Tower  
  200  13:49  Factory  
  200  14:04  Command Center  
  200  14:05  Command Center, Refinery x2  
  200  14:06  Sensor Tower, Missile Turret  
  200  14:07  Missile Turret  
  200  14:10  Command Center  
  200  14:14  Planetary Fortress  
  200  14:28  Armory  
  200  14:32  Neosteel Armor, Hi-Sec Auto Tracking  
  200  14:41  Factory Tech Lab  
  200  14:55  Planetary Fortress, Command Center  
  200  14:56  Sensor Tower, Command Center  
  200  14:58  Missile Turret x2  
  200  15:08  Caduceus Reactor  
  200  15:12  Refinery  
  200  15:14  Refinery  
  200  15:30  Terran Ship Weapons Level 3  
  200  15:32  Terran Vehicle Weapons Level 1  
  200  15:35  Planetary Fortress  
  200  15:36  Orbital Command  
  200  15:38  Planetary Fortress  
  200  15:49  Command Center  
  200  15:51  Command Center x2  
  200  15:56  Command Center x2  
  200  17:07  Orbital Command x3  
  200  17:08  Planetary Fortress x2  
  200  17:21  Barracks x2  
  200  17:22  Barracks x2  
  200  17:23  Starport  
  200  17:26  Factory, Barracks x2  
  200  18:14  Terran Vehicle Weapons Level 2  
  200  18:16  Terran Vehicle And Ship Armor Level 1  
  200  18:17  Starport Reactor  
  200  18:19  Barracks Reactor x3  
  200  18:20  Barracks Tech Lab x2  
  200  18:21  Barracks Tech Lab  
  200  18:23  Factory Tech Lab  
  200  18:25  Drilling Claws  
  200  18:37  Starport  
  200  18:39  Starport x2  
  200  18:41  Starport  
  200  18:50  Refinery x2  
  200  19:01  Command Center  
  200  19:02  Command Center, Refinery  
  200  19:05  Command Center  
  200  19:06  Missile Turret  
  200  19:07  Refinery  
  200  19:13  Sensor Tower  
  200  19:21  Sensor Tower  
  200  19:28  Starport Tech Lab x3  
  200  19:30  Starport Reactor  
  200  19:44  Smart Servos  
  200  19:59  Planetary Fortress x2  
  117  20:41  Terran Vehicle Weapons Level 3, Terran Vehicle And Ship Armor Level 2  
  100  21:02  Infernal Pre-Igniter  
  94  21:18  Liberator x3  
  94  21:19  Liberator x3  
  94  21:20  Siege Tank  
  94  21:21  Siege Tank x2  
  121  21:27  Planetary Fortress x3  
  121  21:44  Unknown x7  
  135  21:48  Hyperflight Rotors  
  135  21:53  Siege Tank x3  
  144  22:04  Liberator  
  144  22:05  Liberator x4  
  144  22:06  Liberator x2  
  165  22:08  Cloaking Field  
  165  22:09  Interference Matrix  
  165  22:12  Unknown  
  165  22:13  Unknown x6  
  179  22:21  Hurricane Engines  
  179  22:25  Siege Tank x3  
  188  22:41  Unknown x7  
  188  22:44  Command Center  
  188  22:45  Missile Turret, Command Center, Refinery  
  188  22:46  Missile Turret  
  188  22:47  Missile Turret, Command Center  
  188  22:50  Refinery  
  200  23:02  Terran Vehicle And Ship Armor Level 3  
  200  23:19  Unknown x5  
  200  23:20  Unknown  
  200  24:08  Planetary Fortress x2  
  200  24:09  Planetary Fortress  
  200  24:58  Nuke  
  198  25:39  Unknown  
  198  25:56  Unknown  
  196  26:11  Nuke  
  80  27:03  Marine x2  
  80  27:04  Marine x19  
  80  27:06  Medivac x6  
  113  27:09  Siege Tank x3  
  122  27:21  Marine x5  
  122  27:22  Marine x16  
  143  27:39  Marine x13  
  143  27:40  Marine x8  
  143  27:41  Siege Tank x3  
  173  27:49  Command Center  
  173  27:50  Command Center  
  173  27:53  Command Center  
  173  27:54  Command Center  
  173  27:56  Command Center  
  173  27:57  Marine x19  
  192  28:06  Command Center, Refinery  
  192  28:09  Refinery  
  192  28:13  Siege Tank x2  
  198  28:25  Marine  
  198  28:26  Marine  
Tags
 
Add a new tag
Caveats
  • Supply blocks, unpowered buildings, or Contaminate may cause inaccurate times.
  • Supply counts are checked every 10 seconds.